 Dungeon Crawl Stone Soup version 0.29.1-14-g9c671dbff4 (webtiles) character file.

Game seed: 10751312651704663516

2 leafyfresh the Covert (level 1, 0/23 HPs)
             Began as a Gnoll Delver on Feb 13, 2023.
             Slain by a hobgoblin (3 damage)
             ... on level 4 of the Dungeon.
             The game lasted 00:00:57 (149 turns).

leafyfresh the Covert (Gnoll Delver)                 Turns: 149, Time: 00:00:57

Health: 0/23       AC:  5    Str: 11    XL:     1   Next: 40%
Magic:  1/1        EV: 13    Int:  9    God:
Gold:   0          SH:  0    Dex: 13    Spells: 0/0 levels left

rFire   . . .      SeeInvis .   a - +0 spear
rCold   . . .      Faith    .   (no shield)
rNeg    . . .      Spirit   .   b - +0 leather armour
rPois   .          Reflect  .   (no helmet)
rElec   .          Harm     .   (no cloak)
rCorr   .          Rampage  .   j - +1 pair of gloves
Will    .....                   (no boots)
Stlth   ++++......              (no amulet)
HPRegen 0.07/turn               (no ring)
MPRegen 0.07/turn               (no ring)

@: no status effects
A: fangs 1, strong nose, distributed training
a: no special abilities


You were on level 4 of the Dungeon.
You visited 1 branch of the dungeon, and saw 2 of its levels.

Inventory:

Hand Weapons
 a - a +0 spear (weapon)
Armour
 b - a +0 leather armour (worn)
 j - a +1 pair of gloves (worn)
Wands
 g - a wand of digging (3)
 i - a wand of mindburst (15)
Scrolls
 c - a scroll of fog
 d - a scroll of magic mapping
 e - a scroll of fear
 h - a scroll of vulnerability {unknown}
Potions
 f - a potion of haste


   Skills:
 + Level 6.4 Fighting
 + Level 0.0 Short Blades
 + Level 0.0 Long Blades
 + Level 0.0 Axes
 + Level 0.0 Maces & Flails
 + Level 4.4 Polearms
 + Level 0.0 Staves
 + Level 0.0 Ranged Weapons
 + Level 0.0 Throwing
 + Level 0.0 Armour
 + Level 4.4 Dodging
 + Level 9.5 Stealth
 + Level 0.0 Shields
 + Level 0.0 Unarmed Combat
 + Level 0.0 Spellcasting
 + Level 0.0 Conjurations
 + Level 0.0 Hexes
 + Level 0.0 Summonings
 + Level 0.0 Necromancy
 + Level 0.0 Translocations
 + Level 0.0 Transmutations
 + Level 0.0 Fire Magic
 + Level 0.0 Ice Magic
 + Level 0.0 Air Magic
 + Level 0.0 Earth Magic
 + Level 0.0 Poison Magic
 + Level 0.1 Invocations
 + Level 0.0 Evocations


You couldn't memorise any spells.
You didn't know any spells.
Your spell library was empty.

Dungeon Overview and Level Annotations

Branches:
Dungeon (5/15)
 Temple: D:4-7

Altars:


Innate Abilities, Weirdness & Mutations

You have very sharp teeth.
Your uncanny sense of smell can sniff out nearby items.
Your experience applies equally to all skills.


Message History

The hobgoblin attacks as you move away!
The hobgoblin hits you but does no damage.
The hobgoblin attacks as you move away! The hobgoblin hits you.
* * * LOW HITPOINT WARNING * * *
The hobgoblin attacks as you move away!
The hobgoblin hits you but does no damage.
The hobgoblin closely misses you. The hobgoblin attacks as you move away!
The hobgoblin closely misses you. The hobgoblin closely misses you.
The hobgoblin attacks as you move away! The hobgoblin closely misses you.
The ogre closely misses you. The ogre attacks as you move away!
The ogre misses you. The hobgoblin attacks as you move away!
The hobgoblin hits you but does no damage.
The hobgoblin attacks as you move away! The hobgoblin misses you.
A kobold comes into view. It is wielding a +0 short sword.
The hobgoblin attacks as you move away! The hobgoblin barely misses you.
The kobold shouts!
The kobold closely misses you. The hobgoblin attacks as you move away!
The hobgoblin misses you.
Found a thick glowing staff.
The kobold attacks as you move away! The kobold misses you.
The hobgoblin attacks as you move away! The hobgoblin hits you.
* * * LOW HITPOINT WARNING * * *
Found a stone staircase leading down.
You see here a staff of earth.
The hobgoblin attacks as you move away! The hobgoblin misses you.
A dart slug comes into view.
A kobold comes into view. It is wielding a +0 short sword.
Found a dented bronze amulet.
Found a stone staircase leading up.
The hobgoblin attacks as you move away! The hobgoblin barely misses you.
Found a stone staircase leading up.
The kobold shouts!
The kobold throws a stone.
The stone closely misses you.
A jelly comes into view.
The hobgoblin barely misses you. The hobgoblin attacks as you move away!
The hobgoblin closely misses you.
There is a stone staircase leading up here.
The hobgoblin hits you.
You die...

##......>............#.# #
..##..O|.>#..#..#......
####.#.##........###........
.......#........## ###......
......#.........# #......
......#.#.......# #.....#
.......O######..### .....##
.......K.K.........
.........#g@.....##
...."..#.#.......#
......<#...........
.......###.......## ..####.
#.......# .. .. ..........
.. ........## ..........


You could see an ogre, a hobgoblin and 2 kobolds.

Vanquished Creatures
  An orc (D:4)
  A ball python (D:4)
2 creatures vanquished.

Notes
Turn   | Place    | Note
-------+----------+-------------------------------------------
     0 | D:5      | Reached skill level 9 in Stealth
     0 | D:5      | leafyfresh the Gnoll Delver began the quest for the Orb.
     0 | D:5      | Reached XP level 1. HP: 23/23 MP: 1/1
    25 | D:5      | Noticed a jelly
    57 | D:5      | Noticed a wraith
    83 | D:4      | Noticed an ogre
   107 | D:4      | HP: 1/23 [hobgoblin (1)]
   143 | D:4      | Noticed a jelly
   149 | D:4      | Slain by a hobgoblin

Illustrated notes

Levels and vault maps discovered:
D:4:      layout_rooms, minmay_temple_entry_trees, kennysheep_generic_room_5,
          uniq_edmund
D:5:      layout_rooms, nicolae_ashenzari_panopticon, lemuel_round_altar,
          ebering_ghost_sewer_d, hangedman_abyss_or_decor_jellyfish_corner,
          minmay_misc_feat_tower

Skill      XL: | |
---------------+-+-----
Stealth        | |  9.5
Fighting       | |  6.4
Polearms       | |  4.4
Dodging        | |  4.4
Invocations    | |  0.1

Action                   || total
-------------------------++-------
Melee: Spear             ||     6
 Stab: Sleeping          ||     1
Armor: Leather armour    ||     5
Dodge: Dodged            ||    23
